 Dungeon Crawl Stone Soup version 0.27-a0-416-gca2cecf3c0 (webtiles) character file.

Game seed: 17240756633132835503

8 Morbidden the Skirmisher (level 2, 19/24 HPs)
             Began as a Demonspawn Fighter on Feb 25, 2021.
             Quit the game on level 1 of the Dungeon.
             The game lasted 00:00:16 (241 turns).

Morbidden the Skirmisher (Demonspawn Fighter)        Turns: 241, Time: 00:00:17

Health: 19/24      AC:  6    Str: 16    XL:     2   Next: 0%
Magic:  2/2        EV:  6    Int:  9    God:
Gold:   14         SH:  8    Dex: 12    Spells: 1/1 levels left

rFire    . . .     SeeInvis .   a - +0 long sword
rCold    . . .     Faith    .   c - +0 kite shield
rNeg     . . .     Spirit   .   b - +0 scale mail
rPois    .         Reflect  .   (helmet restricted)
rElec    .         Harm     .   (no cloak)
rCorr    .         Rampage  .   (no gloves)
Will     .....                  (no boots)
Stlth    ..........             (no amulet)
HPRegen  0.08/turn              (no ring)
MPRegen  0.08/turn              (no ring)

@: no status effects
A: antennae 1
a: no special abilities


You were on level 1 of the Dungeon.
You visited 1 branch of the dungeon, and saw 1 of its levels.

You collected 14 gold pieces.

Inventory:

Hand Weapons
 a - a +0 long sword (weapon)
Armour
 b - a +0 scale mail (worn)
 c - a +0 kite shield (worn)
Scrolls
 e - a scroll of noise {unknown}
 f - a scroll of fear {unknown}
Potions
 d - a potion of might


   Skills:
 + Level 3.0 Fighting
 + Level 1.7 Long Blades
 + Level 3.0 Armour
 + Level 0.2 Dodging
 + Level 2.7 Shields


You had one spell level left.
You didn't know any spells.
Your spell library was empty.

Dungeon Overview and Level Annotations

Branches:
Dungeon (1/15)

Altars:


Innate Abilities, Weirdness & Mutations

You have a pair of small antennae on your head.


Message History

No target in view!
No target in view!
No target in view!
No target in view!
No target in view!
No target in view!
There is an open door here.
You see here a giant cockroach corpse.
A goblin comes into view.
The goblin shouts!
A goblin is nearby!
A goblin is nearby!
A kobold comes into view.
The kobold shouts!
The goblin completely misses you.
There are monsters nearby!
You closely miss the goblin. The goblin closely misses you.
The goblin hits you.
There are monsters nearby!
You barely miss the goblin. You block the goblin's attack.
There are monsters nearby!
You closely miss the goblin. You block the goblin's attack.
The goblin barely misses you.
There are monsters nearby!
You hit the kobold.
The kobold is severely wounded.
The kobold hits you but does no damage. The goblin hits you but does no damage.
The kobold hits you.
There are monsters nearby!
You hit the kobold.
You kill the kobold!
The goblin completely misses you. You block the goblin's attack.
A goblin is nearby!
You closely miss the goblin. The goblin hits you.
You slash the goblin!
You kill the goblin!
You have reached level 2!
Your demonic ancestry asserts itself...
A pair of antennae grows on your head!
Are you sure you want to abandon this character and quit the game? (Confirm with "yes".)

#............##≈..P..≈##...
#............#≈.P.♣.P.≈#...
#######.#......#≈.(.....≈#...
8.# .........†.P.8$8.P.+...
..# .........#≈.......≈#...
..# .........#≈.P.♣.P.≈#...
.<# ......!#.##≈..Pb.≈##.#.
..# ...##..##.##≈≈.≈b##..#
..# .........#@###+###...#
8.# #.......†..........# ###
#..............#...#
###............#..
#.............#
#.........#+#.# ........... .
#...........


There were no monsters in sight!

Vanquished Creatures
  2 giant cockroaches (D:1)
  A goblin (D:1)
  A hobgoblin (D:1)
  A kobold (D:1)
  2 rats (D:1)
7 creatures vanquished.

Notes
Turn   | Place    | Note
-------+----------+-------------------------------------------
     0 | D:1      | Morbidden the Demonspawn Fighter began the quest for the
                  | Orb.
     0 | D:1      | Reached XP level 1. HP: 18/18 MP: 1/1
   241 | D:1      | Gained mutation: You have a pair of small antennae on your
                  | head. [demonic ancestry]
   241 | D:1      | Reached XP level 2. HP: 19/24 MP: 2/2
   241 | D:1      | Quit the game

Illustrated notes

Levels and vault maps discovered:
D:1:      elethiomel_arrival_quiet, layout_basic, serial_park_tiny_pond,
          hangedman_glass_garden, hex_medium, minmay_tiny_reverse_x

Skill      XL: |  1 |
---------------+----+-----
Armour         | 3 |  3.0
Fighting       | |  3.0
Long Blades    | |  1.7
Dodging        | |  0.2
Shields        | |  2.7

Action                   || total
-------------------------++-------
Melee: Long sword        ||    27
Armor: Scale mail        ||    15
Dodge: Dodged            ||     8
Block: Kite shield       ||    16
       Rpst.: Long sword ||     1

Table legend: (Time is in decaauts)
 A = Elapsed time spent in this place.
 B = Non-inter-level travel time spent in this place.
 C = Inter-level travel time spent in this place.
 D = Time resting spent in this place.
 E = Time spent auto-exploring this place.
 F = Levels seen in this place.
 G = Mean time per level.
                   A        B        C        D        E       F      G
               +--------+--------+--------+--------+--------+-----+--------+
         Total |    256 |    256 |      0 |      0 |    194 |   1 |  256.0 |
       Dungeon |    256 |    256 |      0 |      0 |    194 |   1 |  256.0 |
               +--------+--------+--------+--------+--------+-----+--------+

Top non-repeatable levels by time:
     D:1: 256 daAuts
